 Dungeon Crawl Stone Soup version 0.25.0-15-gac7dcb8919 (webtiles) character file.

Game seed: 15244775806840099719

1386 protoss039 the Thaumaturge (level 8, -2/41 HPs)
             Began as a Deep Elf Earth Elementalist on June 28, 2020.
             Killed by divine providence
             ... invoked by an orc priest
              (15 damage)
             ... on level 6 of the Dungeon.
             The game lasted 00:12:01 (6882 turns).

protoss039 the Thaumaturge (DEEE)                   Turns: 6882, Time: 00:12:02

Health: -2/41      AC:  6    Str:  5    XL:     8   Next: 40%
Magic:  7/24       EV: 13    Int: 23    God:
Gold:   256        SH:  0    Dex: 15    Spells: 9/27 levels left

rFire    . . .     SeeInvis .   t - +1 dagger (speed)
rCold    . . .     Gourm    .   (no shield)
rNeg     . . .     Faith    .   c - +0 robe
rPois    .         Spirit   .   (no helmet)
rElec    .         Reflect  .   x - +0 cloak
rCorr    .         Harm     .   q - +2 pair of gloves
MR       .....                  (no boots)
Stlth    ++........             k - amulet of the acrobat
HPRegen  0.13/turn              (no ring)
MPRegen  0.19/turn              (no ring)

@: no status effects
A: no striking features
a: no special abilities


You were on level 6 of the Dungeon.
You were not hungry.

You visited 1 branch of the dungeon, and saw 6 of its levels.

You collected 256 gold pieces.

Inventory:

Hand Weapons
 t - a +1 dagger of speed (weapon)
Missiles
 b - 58 stones (quivered)
Armour
 c - a +0 robe (worn)
 q - a +2 pair of gloves (worn)
 x - a +0 cloak (worn)
Jewellery
 k - an amulet of the acrobat (around neck)
Scrolls
 n - a scroll of enchant weapon
 p - 3 scrolls of enchant armour
 s - a scroll of remove curse
Potions
 e - 5 potions of curing
 j - a potion of flight {unknown}
 l - 3 potions of mutation {unknown}
 m - a potion of heal wounds {unknown}
 o - a potion of invisibility {unknown}
 u - 3 potions of lignification {unknown}
 v - 2 potions of resistance {unknown}
 w - a potion of brilliance {unknown}
Comestibles
 d - 11 rations


   Skills:
 - Level 2.4 Dodging
 - Level 2.4 Stealth
 * Level 10.4 Spellcasting
 + Level 2.6 Conjurations
 + Level 1.1 Transmutations
 * Level 7.7 Earth Magic


You had 9 spell levels left.
You knew the following spells:

 Your Spells              Type           Power        Failure   Level  Hunger
a - Sandblast             Erth           #####.       1%          1    None
b - Passwall              Tmut/Erth      ####....     1%          2    None
c - Stone Arrow           Conj/Erth      #####.       1%          3    None
d - Petrify               Tmut/Erth      ####....     9%          4    #......
e - Lee's Rapid Deconstr  Erth           #####.....   6%          5    ####...
f - Slow                  Hex            ##......     9%          2    None
g - Sting                 Tmut/Pois      ##..         4%          1    None

Your spell library contained the following spells:

 Spells                   Type           Power        Failure   Level  Hunger
 Magic Dart               Conj           ###.         1%          1    None
 Animate Skeleton         Necr           N/A          5%          1    None
 Freeze                   Ice            ##..         5%          1    None
 Pain                     Necr           ##..         5%          1    None
 Blink                    Tloc           N/A          9%          2    None
 Call Imp                 Summ           ##......     9%          2    None
 Conjure Flame            Conj/Fire      ###.....     10%         3    None
 Mephitic Cloud           Conj/Pois/Air  ###.....     11%         3    None


Dungeon Overview and Level Annotations

Branches:
Dungeon (6/15)             Temple (0/1) D:6

Altars:
Ashenzari
Dithmenos
Elyvilon
Gozag
Hepliaklqana
Kikubaaqudgha
Nemelex Xobeh


Message History

Press: ? - help, Shift-Dir - straight line, f/p - orc warrior
Aim: an orc warrior, wielding a +2 hand axe of flaming and wearing a +0 plate armour (lightly wounded)
The blast of sand hits the orc warrior but does no damage.
The orc warrior is lightly wounded.
b - 58 stones The orc wizard shouts!
The orc warrior hits you with a +2 hand axe of flaming!
The orc warrior burns you.
Unknown command.
Casting: Sandblast (safe; 1% risk of failure)
Confirm with . or Enter, or press ? or * to list all spells.
Aiming: Slow (safe; 9% risk of failure)
Press: ? - help, Shift-Dir - straight line, f/p - orc warrior
Aim: an orc warrior, wielding a +2 hand axe of flaming and wearing a +0 plate armour (lightly wounded, chance to defeat MR: 49%)
The orc warrior resists with some effort.
The orc warrior hits you with a +2 hand axe of flaming!
The orc warrior burns you.
The orc priest mumbles some strange prayers to Beogh against you.
Beogh smites you!
You die...

..............##≈≈≈≈≈≈≈≈#,,,,,,,,
..<...........####...####,,,,,,,,
.............## ##### *,,≈≈≈≈,,
............## *## *,,,,,≈,,
...........## *#.## **,≈≈≈≈,,
######...### *#...## *,,,,,,,
####.## ##.....## *,,,,,,, #..##
##.....<.# **,,,,,,
********##..###(@......# **,,,,,,
,,,,,,,,,##..#.o.......#**,,,,,,,
,,,,,,,,,,##...........#*,,*,,,,,
,,,,,,,,,,#............#,,***,,,,
,,,,,,,,,,#o.#.....)....,** **,,,
*,,,,,,,,..o.#..........** *,,,
*,,,,,,,....###.......#.* **,,
**,,,,.....#* #.<....##,*** **,
**,,,.....* *....###*,*≈* **


You could see an orc warrior, an orc priest and an orc wizard.

Vanquished Creatures
  2 ice beasts
  A black bear (D:6)
  A phantom (D:4)
  3 ogres
  A centaur (D:5)
  A bullfrog (D:5)
  2 scorpions (D:5)
  A crimson imp (D:5)
  A jelly (D:5)
  An orc priest (D:5)
  3 hounds
  2 iguanas (D:5)
  An orc wizard (D:4)
  2 worker ants
  A hound skeleton (D:5)
  13 adders
  2 oozes
  2 adder zombies
  An adder skeleton (D:5)
  A worm (D:4)
  A dart slug (D:5)
  3 leopard geckos
  9 orcs
  A giant cockroach (D:3)
  7 goblins
  5 hobgoblins
  6 jackals (D:4)
  2 quokkas
  12 bats
  2 frilled lizards
  3 kobolds
  A quokka zombie (D:5)
  8 rats
102 creatures vanquished.

Notes
Turn   | Place    | Note
-------+----------+-------------------------------------------
     0 | D:1      | protoss039 the Deep Elf Earth Elementalist began the quest
                  | for the Orb.
     0 | D:1      | Reached XP level 1. HP: 10/10 MP: 6/6
   287 | D:1      | Reached XP level 2. HP: 14/15 MP: 6/8
   789 | D:2      | Learned a level 2 spell: Passwall
  1229 | D:2      | Reached XP level 3. HP: 19/19 MP: 10/10
  1321 | D:2      | Reached skill level 4 in Spellcasting
  2023 | D:2      | Learned a level 3 spell: Stone Arrow
  2073 | D:3      | Reached XP level 4. HP: 24/24 MP: 4/12
  3075 | D:3      | Reached skill level 5 in Spellcasting
  3555 | D:4      | Found an ancient bone altar of Kikubaaqudgha.
  3558 | D:4      | Reached skill level 5 in Earth Magic
  3634 | D:4      | Found a shattered altar of Ashenzari.
  3639 | D:4      | Found a shadowy altar of Dithmenos.
  3640 | D:4      | Found a hazy altar of Hepliaklqana.
  3640 | D:4      | Found a white marble altar of Elyvilon.
  3698 | D:4      | Reached XP level 5. HP: 9/28 MP: 2/14
  3913 | D:4      | Identified An Introduction to Hermeneutics
  4092 | D:4      | Noticed a phantom
  4099 | D:4      | Killed a phantom
  4099 | D:4      | Reached skill level 6 in Spellcasting
  4099 | D:4      | Reached XP level 6. HP: 30/32 MP: 9/17
  4639 | D:4      | Reached skill level 7 in Spellcasting
  4988 | D:4      | Learned a level 4 spell: Petrify
  4994 | D:4      | Learned a level 5 spell: Lee's Rapid Deconstruction
  4997 | D:4      | Learned a level 2 spell: Slow
  5128 | D:5      | Entered Level 5 of the Dungeon
  5129 | D:5      | Reached skill level 1 in Conjurations
  5131 | D:5      | Reached XP level 7. HP: 35/36 MP: 16/20
  5134 | D:5      | Learned a level 1 spell: Sting
  5278 | D:5      | Reached skill level 8 in Spellcasting
  5360 | D:5      | Found a shattered altar of Ashenzari.
  5656 | D:5      | Reached skill level 9 in Spellcasting
  5804 | D:5      | Reached XP level 8. HP: 9/41 MP: 6/23
  6120 | D:5      | Found an opulent altar of Gozag.
  6120 | D:5      | Found a sparkling altar of Nemelex Xobeh.
  6488 | D:6      | Reached skill level 10 in Spellcasting
  6882 | D:6      | Killed from afar by an orc priest

Illustrated notes

Levels and vault maps discovered:
D:1:      elethiomel_arrival_diamonds, layout_rooms
D:2:      layout_basic, minivault_14
D:3:      layout_basic
D:4:      layout_gridville, grunt_temple_overflow_open, first_ration,
          grunt_ministairs_14
D:5:      layout_cave_pools, grunt_temple_overflow_opulence, basic_altar
D:6:      layout_cave_pods, minmay_temple_entry_arrows, serial_rivers,
          chequers_serial_rivers_micro_d, chequers_serial_rivers_micro_e,
          chequers_serial_rivers_room_a, chequers_serial_rivers_micro_c,
          chequers_serial_rivers_micro_a, chequers_serial_rivers_micro_a,
          basic_altar

Skill      XL: |  1  2  3  4  5  6  7  8 |
---------------+-------------------------+-----
Earth Magic    | 4 5 6 7 |  7.7
Spellcasting   | 4 5 6 7 9 10 | 10.4
Conjurations   | 1 2 |  2.6
Dodging        | |  2.4
Stealth        | |  2.4
Transmutations | |  1.1

Action                   |  1- 3 |  4- 6 |  7- 9 || total
-------------------------+-------+-------+-------++-------
Melee: Unarmed           |     1 |       |       ||     1
       Dagger            |    24 |    47 |       ||    71
 Cast: Sandblast         |    36 |    41 |     6 ||    83
       Stone Arrow       |     1 |    19 |    61 ||    81
       Passwall          |       |     1 |       ||     1
       Sting             |       |       |     1 ||     1
       Slow              |       |       |     1 ||     1
  Use: Scroll            |       |       |    10 ||    10
 Stab: Sleeping          |     4 |     1 |       ||     5
  Eat: Chunk             |     3 |     9 |     6 ||    18
Armor: Robe              |     9 |    19 |     2 ||    30
Dodge: Dodged            |    26 |    42 |     4 ||    72
